 Dungeon Crawl Stone Soup version 0.18-a0-24-g6e14259 (webtiles) character file.

858 Duffy the Cleaver (level 8, 23/72 HPs)
             Began as a Naga Berserker on Nov 3, 2015.
             Was a Priest of Trog.
             Quit the game in an ossuary.
             The game lasted 00:05:17 (4839 turns).

Duffy the Cleaver (Naga Berserker)                  Turns: 4839, Time: 00:05:17

Health: 23/72      AC:  6    Str: 19    XL:     8   Next: 2%
Magic:  8/8        EV:  8    Int: 11    God:    Trog [***...]
Gold:   155        SH:  0    Dex: 13    Spells: 0 memorised, 7 levels left

rFire  . . .     SeeInvis +     a - +0 hand axe
rCold  + + .     Clarity  .     D - -2 scale mail (curse)
rNeg   . . .     SustAt   .     (no shield)
rPois  +         Gourm    .     (no helmet)
rElec  .         Spirit   .     (no cloak)
rCorr  .         Warding  .     m - +1 pair of gloves "Heghipef" {rC++}
rMut   .         Stasis   .     (no barding)
MR     +....                    (no amulet)
Stlth  ..........               n - +3 ring of intelligence
                                j - ring of poison resistance

@: exhausted, slowed, very slow, somewhat resistant to hostile enchantments,
extremely unstealthy
A: see invisible, deformed body, poison resistance, slowness 2, slow metabolism
1, spit poison 2, AC +2
a: Spit Poison, Berserk, Trog's Hand, Burn Spellbooks, Renounce Religion


You were in an ossuary.
You worshipped Trog.
Trog was most pleased with you.
You were near starving.

You visited 1 branch of the dungeon, and saw 5 of its levels.
You also visited: Ossuary.

You collected 155 gold pieces.


Innate Abilities, Weirdness & Mutations

You cannot wear boots.
Your serpentine skin is tough (AC +2).
You have supernaturally acute eyesight.
Armour fits poorly on your strangely shaped body.
Your system is resistant to poisons.
You cover ground very slowly.
You have a slow metabolism.
You can spit poison.


   Skills:
 + Level 4.1 Fighting
 + Level 8.8 Axes
 - Level 1.5 Armour
 - Level 1.5 Dodging


You had 7 spell levels left.
You didn't know any spells.

Inventory:

Hand Weapons
 a - a +0 hand axe (weapon)
 y - a +0 blowgun
Missiles
 k - 75 stones (quivered)
 v - 22 poisoned needles
Armour
 b - a +0 animal skin
 l - a +0 ring mail
 m - the +1 pair of gloves "Heghipef" (worn) {rC++}

   It greatly protects you from cold.
 D - a cursed -2 scale mail (worn)
Jewellery
 j - a ring of poison resistance (left hand)
 n - a +3 ring of intelligence (right hand)
Wands
 c - a wand of slowing (26)
 x - a wand of heal wounds (0)
 z - a wand of flame (31)
Scrolls
 g - 6 scrolls of identify {unknown}
 i - a scroll of fear {unknown}
 o - 3 scrolls of enchant weapon {unknown}
 p - a scroll of enchant armour {unknown}
 q - 2 scrolls of remove curse {unknown}
 u - a scroll of random uselessness {unknown}
 w - a scroll of magic mapping {unknown}
 B - a scroll of fog {unknown}
 C - a scroll of summoning {unknown}
Potions
 d - a potion of ambrosia {unknown}
 e - a potion of flight {unknown}
 f - a potion of magic {unknown}
 h - a potion of curing {unknown}
 s - a potion of haste {unknown}
 t - a potion of heal wounds {unknown}
Comestibles
 r - 4 bread rations
 A - a meat ration

Dungeon Overview and Level Annotations

Branches:
Dungeon (5/15)
 Temple: D:4-7

Altars:
Cheibriados
Dithmenos
Zin

Annotations:
D:5 Menkaure


Message History

The mummy is moderately damaged.
The mummy hits you!
You slash the mummy!
The mummy is severely damaged.
You hit the mummy.
You destroy the mummy!
You have reached level 8!
You feel clever. The mummy barely misses you.
You slash the mummy!
You destroy the mummy!
You swing at nothing.
You feel a strong urge to attack something.
There is a gate leading back out of this place here.
You feel your anger subside.
You are no longer berserk.
You are exhausted.
You feel yourself slow down.
You are near starving!
You open the door.
There is an open door here.
C - a scroll labeled ZIZ BAURR You see here a scimitar.
You see here a shiny scale mail.
D - a shiny scale mail Wear which item? (? for menu, Esc to quit)
You start removing your armour.
You continue taking off your +0 ring mail. x4
You finish taking off your +0 ring mail.
You start putting on your armour.
You continue putting on your shiny scale mail. x5
You finish putting on your cursed -2 scale mail.
Oops, that feels deathly cold.
g - 6 scrolls labeled IQEYLY HALEGH (gained 1) Are you sure you want to abandon this character and quit the game? (Confirm with "yes".)

######################
#^..#...#?!!@#...#..∩#
#.^.'.∩.'.).?#.∩.'...#
#..^#...#!???#...#...#
#.^^##############.^^#
#^^.# #^^^# ##'##
#'### #...# #...#
#...# #...# #...#
#...#


There were no monsters in sight!

Action                   |  1- 3 |  4- 6 |  7- 9 || total
-------------------------+-------+-------+-------++-------
Melee: Hand axe          |    55 |   143 |   350 ||   548
Invok: Berserk           |     2 |     3 |     1 ||     6
       Trog's Hand       |       |     1 |       ||     1
  Eat: Chunk             |     1 |     5 |     4 ||    10
       Bread ration      |       |       |     1 ||     1

Notes
Turn   | Place    | Note
--------------------------------------------------------------
     0 | D:1      | Duffy the Naga Berserker began the quest for the Orb.
     0 | D:1      | Reached XP level 1. HP: 21/21 MP: 1/1
   196 | D:1      | Reached XP level 2. HP: 6/28 MP: 2/2
   976 | D:3      | Reached skill level 4 in Axes
   978 | D:3      | Noticed Natasha
  1265 | D:3      | Killed Natasha
  1265 | D:3      | Reached XP level 3. HP: 34/34 MP: 3/3
  1329 | D:3      | Reached XP level 4. HP: 42/42 MP: 4/4
  1408 | D:3      | Reached ** piety under Trog
  1417 | D:3      | Reached skill level 5 in Axes
  1524 | D:3      | Found a shadowy altar of Dithmenos.
  1583 | D:4      | Reached XP level 5. HP: 49/49 MP: 5/5
  1699 | D:4      | Found a glowing silver altar of Zin.
  1880 | D:4      | Reached skill level 6 in Axes
  2043 | D:4      | Reached XP level 6. HP: 33/56 MP: 6/6
  2272 | D:4      | Noticed Grinder
  2282 | D:4      | Killed Grinder
  2282 | D:4      | Reached skill level 7 in Axes
  2282 | D:4      | Reached XP level 7. HP: 62/62 MP: 7/7
  2286 | D:4      | Got a pair of dazzling gloves
  2292 | D:4      | Identified the +1 pair of gloves "Heghipef" {rC++} (You found it on level 4 of the Dungeon)
  2403 | D:3      | Found a snail-covered altar of Cheibriados.
  2608 | D:2      | Reached skill level 8 in Axes
  2640 | D:2      | Reached *** piety under Trog
  3883 | D:3      | Noticed Ijyb
  3905 | D:3      | Killed Ijyb
  4400 | D:5      | Entered Level 5 of the Dungeon
  4403 | D:5      | Found a sand-covered staircase.
  4433 | D:5      | Noticed Menkaure
  4438 | Ossuary  | Entered an ossuary
  4778 | Ossuary  | Reached skill level 4 in Fighting
  4814 | Ossuary  | Reached XP level 8. HP: 22/72 MP: 8/8
  4839 | Ossuary  | Quit the game

Vault maps used:
D:1:      sevenhm_arrival_forest_fort_small_4
D:3:      cheibriados_altar_1, st_stairs_1, grunt_dithmenos_smoke, uniq_natasha,
          uniq_iyjb
D:4:      old_standard_altar, uniq_grinder
D:5:      grunt_temple_overflow_growth_and_decay,
          minmay_temple_entry_glassed_door,
          nicolae_ossuary_entry_false_entrances, first_bread,
          portal_sewer_entry_d, nicolae_ru_awakened_eye, uniq_edmund,
          uniq_menkaure
Ossuary:  ossuary_tomb_2

Vanquished Creatures
  Grinder
  3 water moccasin zombies
  A giant frog zombie
  2 orc wizards Ijyb
  2 hounds Natasha
  A worker ant
  A big kobold zombie
  A hound skeleton
  2 mummies
  8 adders
  2 oozes
  An adder zombie
  3 worms
  8 orcs
  A ball python
  2 giant cockroaches
  10 hobgoblins
  17 jackals
  8 kobolds
  8 bats
  3 giant geckos
  A giant gecko skeleton
  3 giant newts
  A gnoll zombie
  8 goblins
  5 hobgoblin zombies
  A jackal skeleton
  7 kobold zombies
  4 orc zombies
  5 quokkas
  A quokka skeleton
  7 rats
130 creatures vanquished.
